 Dungeon Crawl Stone Soup version 0.27.0-65-ge2af304b15 (webtiles) character file.

Game seed: 9239912349906574039

3070 Malachi the Grappler (level 9, -2/80 HPs)
             Began as a Troll Hunter on Aug 19, 2021.
             Killed from afar by an electric eel (4 damage)
             ... with a bolt of electricity
             ... on level 7 of the Dungeon.
             The game lasted 00:10:15 (6222 turns).

Malachi the Grappler (Troll Hunter)                 Turns: 6222, Time: 00:10:16

Health: -2/80      AC: 15    Str: 25    XL:     9   Next: 58%
Magic:  8/8        EV:  9    Int:  7    God:
Gold:   325        SH:  0    Dex: 10    Spells: 8/8 levels left

rFire    . . .     SeeInvis +     - Unarmed
rCold    . . .     Faith    .   (no shield)
rNeg     . . .     Spirit   .   C - +2 robe {Archmagi}
rPois    .         Reflect  .   A - +1 hat {SInv}
rElec    .         Harm     .   (no cloak)
rCorr    .         Rampage  .   (gloves unavailable)
Will     .....     Archmagi +   (boots unavailable)
Stlth    +.........             l - amulet of the acrobat
HPRegen  1.23/turn              k - +4 ring of protection
MPRegen  0.11/turn              q - +4 ring of protection

@: no status effects
A: large, unfitting armour, claws 3, regeneration 1, shaggy fur 1, tough skin 1
a: no special abilities


You were on level 7 of the Dungeon.
You visited 1 branch of the dungeon, and saw 7 of its levels.

You collected 325 gold pieces.

Inventory:

Hand Weapons
 m - the +9 whip "Sarcophage" {vorpal, rElec rC+ Will-}
   (You found it on level 6 of the Dungeon)

   It inflicts extra damage upon your enemies.
   rC:        It protects you from cold.
   rElec:     It insulates you from electricity.
   Will:      It decreases your willpower.
Missiles
 c - 4 large rocks (quivered)
 d - 3 throwing nets
 x - 9 boomerangs
Armour
 b - a +0 robe
 A - a +1 hat of see invisible (worn)
 C - a +2 robe of the Archmagi (worn)
Jewellery
 j - a ring of wizardry
 k - a +4 ring of protection (left claw)
 l - an amulet of the acrobat (around neck)
 q - a +4 ring of protection (right claw)
 s - a +6 ring of strength
 u - a ring of protection from fire
Wands
 n - a wand of acid (7)
 y - a wand of polymorph (6)
Scrolls
 f - 2 scrolls of teleportation
 g - a scroll of enchant weapon
 h - 4 scrolls of brand weapon
 r - 2 scrolls of identify
 D - a scroll of fog
Potions
 i - 5 potions of haste
 o - 3 potions of curing {unknown}
 p - 2 potions of lignification {unknown}
 t - a potion of berserk rage {unknown}
 v - 2 potions of brilliance {unknown}
 w - a potion of attraction {unknown}
 z - a potion of might {unknown}
 B - 3 potions of mutation {unknown}


   Skills:
 * Level 2.9 Fighting
 + Level 7.6 Throwing
 - Level 1.5 Dodging
 - Level 0.3 Stealth
 - Level 10.8 Unarmed Combat


You had 8 spell levels left.
You didn't know any spells.
Your spell library contained the following spells:

 Spells                   Type           Power      Damage    Failure   Level
 Foxfire                  Conj/Fire      0%         2x1d4     43%         1
 Sting                    Tmut/Pois      0%         1d3       43%         1
 Poisonous Vapours        Pois/Air       0%         N/A       56%         2
 Sublimation of Blood     Necr           0%         N/A       56%         2
 Wereblood                Tmut           0%         N/A       56%         2
 Conjure Flame            Conj/Fire      0%         6-21      80%         3
 Ignite Poison            Fire/Tmut/Pois 0%         N/A       80%         3
 Inner Flame              Hex/Fire       0%         N/A       80%         3
 Mephitic Cloud           Conj/Pois/Air  0%         N/A       80%         3
 Olgreb's Toxic Radiance  Pois           0%         N/A       99%         4
 Petrify                  Tmut/Erth      0%         N/A       99%         4
 Bolt of Magma            Conj/Fire/Erth 0%         4d4       100%        5
 Irradiate                Conj/Tmut      0%         3d13      100%        5
 Summon Hydra             Summ           0%         N/A       100%        7


Dungeon Overview and Level Annotations

Branches:
Dungeon (7/15)             Temple (0/1) D:4

Altars:
Fedhas
Makhleb
Qazlal
Sif Muna
Uskayaw
Vehumet
Yredelemnul

Shops:
D:1 (:   D:6 **::


Innate Abilities, Weirdness & Mutations

You are too large for most types of armour.
You have claws for hands.
Your natural rate of healing is unusually fast.
You are covered in fur. (AC +1)
You have tough skin. (AC +1)


Message History

You see here 25 arrows.
The electric eel shoots out a bolt of lightning at you!
The bolt of electricity hits you!
The electric eel shoots out a bolt of lightning at you!
The bolt of electricity hits you.
The electric eel shoots out a bolt of lightning at you!
The bolt of electricity misses you.
The electric eel shoots out a bolt of lightning at you!
The bolt of electricity hits you.
The electric eel shoots out a bolt of lightning at you!
The bolt of electricity hits you!
You miss the electric eel.
The electric eel shoots out a bolt of lightning at you!
The bolt of electricity hits you!
You barely miss the electric eel.
The electric eel shoots out a bolt of lightning at you!
The bolt of electricity hits you!
You mangle the electric eel!!
You kill the electric eel!
You hear a splash.
The electric eel shoots out a bolt of lightning at you!
The bolt of electricity hits you!
The electric eel shoots out a bolt of lightning at you!
The bolt of electricity misses you.
The electric eel shoots out a bolt of lightning at you!
The bolt of electricity hits you!
The electric eel shoots out a bolt of lightning at you!
The bolt of electricity hits you.
* * * LOW HITPOINT WARNING * * *
The bolt of electricity hits you!
* * * LOW HITPOINT WARNING * * *
The bolt of electricity hits the electric eel.
The electric eel completely resists.
The electric eel shoots out a bolt of lightning at you!
The bolt of electricity hits you!
* * * LOW HITPOINT WARNING * * *
It was a potion of cancellation.
You feel magically purged.
The electric eel shoots out a bolt of lightning at you!
The bolt of electricity hits you.
You die...

.○.○..## *,*...≈≈≈≈≈..*
......#******,*#.≈≈≈≈≈...*
$......,,,,,,,*#.≈≈≈≈≈≈..*
#####.#********#..≈≈≈≈...*
#.# #.≈≈≈≈P≈..* #.#######
#..≈≈≈≈≈..*
#.......####..≈≈≈.≈..*
#..#**#.(.....≈≈≈....*
#..# #.###.@†≈≈≈≈.##*
#####..####†# ##.;.≈≈P.#
.........##.# *#.;≈≈≈P.#*
.###...#.##.# *..≈.≈≈≈..#
.# #...))##>###..≈≈≈≈≈≈.#
.###...#.)......≈P≈≈≈≈..*
........))..##...≈≈≈≈≈..*
#####.########.≈.P≈≈≈≈≈.*
#.# *#..≈≈≈≈≈≈..*


You could see 2 electric eels.

Vanquished Creatures
  Eustachio (D:5)
  Duvessa (D:5)
  2 water moccasins (D:7)
  5 black bears
  2 orc warriors
  5 sky beasts
  An ice beast (D:5)
  A necrophage (D:5)
  An ogre (D:4)
  A phantom (D:4)
  Blork the orc (D:5)
  A kobold brigand (D:7)
  2 bullfrogs (D:7)
  Dowan (D:5)
  2 water moccasin skeletons (D:5)
  3 electric eels (D:7)
  A gnoll shaman (D:6)
  2 hounds
  5 orc priests
  2 bullfrog skeletons (D:6)
  3 iguanas
  2 orc wizards
  A killer bee zombie (D:7)
  A hound skeleton (D:5)
  7 gnolls
  7 adders
  2 adder skeletons
  A worm (D:2)
  2 dart slugs (D:3)
  13 orcs
  9 ball pythons
  5 endoplasms
  3 giant cockroaches
  4 hobgoblins
  4 jackals (D:4)
  3 quokkas
  4 bats
  3 frilled lizards
  8 goblins
  13 kobolds
  A rat (D:1)
136 creatures vanquished.

Vanquished Creatures (others)
  7 plants (D:7)
7 creatures vanquished.

Grand Total: 143 creatures vanquished

Notes
Turn   | Place    | Note
-------+----------+-------------------------------------------
     0 | D:1      | Malachi the Troll Hunter began the quest for the Orb.
     0 | D:1      | Reached XP level 1. HP: 19/19 MP: 0/0
    81 | D:1      | Found Helir's Weapon Shoppe.
   117 | D:1      | Found Urhomani's Book Shop.
   130 | D:1      | Reached skill level 1 in Unarmed Combat
   151 | D:1      | Reached XP level 2. HP: 27/27 MP: 1/1
   720 | D:2      | Reached skill level 2 in Unarmed Combat
  1057 | D:2      | Reached XP level 3. HP: 22/33 MP: 2/2
  1274 | D:2      | You fall into a shaft and drop 2 floors!
  1306 | D:4      | Reached skill level 3 in Unarmed Combat
  1361 | D:4      | Reached XP level 4. HP: 41/41 MP: 3/3
  1434 | D:4      | Noticed an ogre
  1437 | D:4      | Killed an ogre
  1438 | D:4      | Reached skill level 4 in Unarmed Combat
  1438 | D:4      | Reached XP level 5. HP: 48/48 MP: 4/4
  1488 | D:4      | Noticed a black bear
  1490 | D:4      | Noticed a phantom
  1493 | D:4      | Noticed a black bear
  1496 | D:4      | Killed a black bear
  1497 | D:4      | Reached skill level 5 in Unarmed Combat
  1505 | D:4      | Killed a phantom
  1506 | D:4      | Reached XP level 6. HP: 33/55 MP: 5/5
  1563 | D:4      | Reached skill level 6 in Unarmed Combat
  1618 | D:4      | Reached XP level 7. HP: 58/62 MP: 6/6
  1726 | D:4      | Found a staircase to the Ecumenical Temple.
  2066 | D:3      | Found a faded altar of an unknown god.
  2279 | D:3      | Found a burning altar of Makhleb.
  2918 | D:5      | Entered Level 5 of the Dungeon
  2981 | D:5      | Reached skill level 7 in Unarmed Combat
  3009 | D:5      | Reached skill level 5 in Throwing
  3068 | D:5      | Found a hide-covered altar of Uskayaw.
  3093 | D:5      | Noticed Blork the orc
  3096 | D:5      | Killed Blork the orc
  3231 | D:5      | Reached skill level 8 in Unarmed Combat
  3231 | D:5      | Reached XP level 8. HP: 56/70 MP: 7/7
  3582 | D:5      | Found a stormy altar of Qazlal.
  3584 | D:5      | Found a basalt altar of Yredelemnul.
  3610 | D:5      | Reached skill level 9 in Unarmed Combat
  3613 | D:5      | Noticed Duvessa
  3615 | D:5      | Noticed Dowan
  3617 | D:5      | Noticed Eustachio
  3636 | D:5      | Killed Eustachio
  3666 | D:5      | Killed Dowan
  3741 | D:5      | Killed Duvessa
  4485 | D:6      | Reached XP level 9. HP: 76/76 MP: 8/8
  4587 | D:6      | Reached skill level 10 in Unarmed Combat
  4648 | D:6      | Identified the +9 whip "Sarcophage" {vorpal, rElec rC+
                  | Will-}
  4718 | D:6      | Found Daqetz's Book Emporium.
  4720 | D:6      | Found Ehogu's General Store.
  4720 | D:6      | Found Ylyriv's Book Boutique.
  4722 | D:6      | Found Mustre's General Store.
  4876 | D:6      | Found a shimmering blue altar of Sif Muna.
  5426 | D:7      | Found a radiant altar of Vehumet.
  5673 | D:7      | Found a blossoming altar of Fedhas.
  6073 | D:7      | HP: 3/80 [poisoned by a water moccasin]
  6221 | D:7      | HP: 1/80 [electric eel/bolt of electricity (10)]
  6222 | D:7      | Killed from afar by an electric eel

Illustrated notes

Levels and vault maps discovered:
D:1:      dpeg_arrival_court, layout_loops_ring, serial_shops, shop_fountains,
          shop_statue
D:2:      layout_loops_ring
D:3:      layout_rooms, bloody_makhleb, ebering_ecumenical_altar_rust,
          minmay_puff
D:4:      layout_gridville, minmay_temple_entry_metal_lava,
          hangedman_decor_diamond_cutter, minmay_pentomino_pile
D:5:      wander_river, layout_loops_ring, mainiacjoe_overflow_catwalk_spiral,
          nicolae_uskayaw_dance_hall, amcnicky_mini_corridor_feature,
          chequers_serial_rivers_small_3, uniq_blork_the_orc, uniq_eustachio,
          uniq_duvessa
D:6:      layout_basic, overflow_temple_1_default, nicolae_wooded_promenade
D:7:      layout_loops_corners, fedhas_ov_isle_minmay, fiery_altar_vehumet,
          minmay_crystal_water, chequers_big_river, patterned_corridor

Skill      XL: |  1  2  3  4  5  6  7  8  9 |
---------------+----------------------------+-----
Unarmed Combat | 1 2 3 4 5 6 8 9 10 | 10.8
Throwing       | 4 5 6 7 |  7.6
Fighting       | 2 |  2.9
Dodging        | |  1.5
Stealth        | |  0.3

Action                   |  1- 3 |  4- 6 |  7- 9 || total
-------------------------+-------+-------+-------++-------
Melee: Unarmed           |    91 |    54 |   255 ||   400
       Punch             |       |     1 |     6 ||     7
Throw: Large rock        |       |     7 |     7 ||    14
  Use: Scroll            |       |       |    13 ||    13
       Potion            |       |       |     3 ||     3
 Stab: Sleeping          |     4 |       |     2 ||     6
Armor: Robe              |    35 |    33 |   151 ||   219
Dodge: Dodged            |    38 |    46 |   120 ||   204
